 Dungeon Crawl Stone Soup version 0.27.1-36-g1b1ada6b1e (webtiles) character file.

Game seed: 15850987321152884837

2 KleinerIrrer the Sneak (level 1, -2/16 HPs)
             Began as an Octopode Delver on Feb 5, 2023.
             Slain by a river rat (9 damage)
             ... on level 5 of the Dungeon.
             The game lasted 00:00:31 (67 turns).

KleinerIrrer the Sneak (Octopode Delver)              Turns: 67, Time: 00:00:32

Health: -2/16      AC:  1    Str: 11    XL:     1   Next: 40%
Magic:  1/1        EV: 13    Int: 12    God:
Gold:   0          SH:  0    Dex: 13    Spells: 0/0 levels left

rFire    . . .     SeeInvis .     - Unarmed
rCold    . . .     Faith    .   (no shield)
rNeg     . . .     Spirit   .   (helmet restricted)
rPois    .         Reflect  .   (no amulet)
rElec    .         Harm     .   (no ring)
rCorr    .         Rampage  .   (no ring)
Will     .....                  (no ring)
Stlth    ++++......             (no ring)
HPRegen  0.05/turn              (no ring)
MPRegen  0.07/turn              (no ring)
                                (no ring)
                                (no ring)

@: hasted, very quick
A: almost no armour, amphibious, 8 rings, camouflage 1, gelatinous body 1,
(nimble swimmer 1), tentacles
a: no special abilities


You were on level 5 of the Dungeon.
You visited 1 branch of the dungeon, and saw 1 of its levels.

Inventory:

Wands
 e - a wand of digging (3)
Scrolls
 a - a scroll of fog
 c - a scroll of fear


   Skills:
 - Level 3.0 Fighting
 - Level 2.0 Dodging
 - Level 6.6 Stealth
 + Level 2.2 Unarmed Combat


You couldn't memorise any spells.
You didn't know any spells.
Your spell library was empty.

Dungeon Overview and Level Annotations

Branches:
Dungeon (5/15)
 Temple: D:4-7

Altars:

Portals:
Sewer: D:5


Innate Abilities, Weirdness & Mutations

You cannot wear most types of armour.
You are amphibious.
You can wear up to eight rings at the same time.
Your skin changes colour to match your surroundings (Stealth+).
Your rubbery body absorbs attacks. (AC +1, EV +1)
((You are camouflaged near water. (Stealth+)))
You have tentacles for arms and can constrict up to eight enemies at once.


Message History

Welcome, KleinerIrrer the Octopode Delver.
Will you be the one to retrieve the legendary Orb of Zot from the depths?
Press ? for a list of commands and other information.
Found a stone staircase leading down.
As you read the scroll of magic mapping, it crumbles to dust.
You feel aware of your surroundings.
You sensed 1 shop/portal.
Found a glowing drain.
The ball python hisses angrily.
You hear the slow rusting of a drain.
You open the door.
There are monsters nearby!
The ball python barely misses you. The ball python grabs you.
The ball python constricts you.
You escape the ball python's grasp.
The ball python barely misses you. The ball python grabs you.
The ball python constricts you.
The ball python bites you but does no damage.
The ball python constricts you.
You barely miss the ball python. Your grab misses the ball python.
The ball python bites you. The ball python constricts you.
You barely miss the ball python. Your grab misses the ball python.
Your squeeze misses the ball python. The ball python bites you.
The ball python constricts you.
You are too injured to fight recklessly!
You closely miss the ball python. You grab the ball python.
You constrict the ball python. The ball python barely misses you.
The ball python constricts you.
You feel yourself speed up.
You constrict the ball python.
You kill the ball python!
You tentacle-slap the giant cockroach. You grab the giant cockroach.
The giant cockroach is heavily wounded.
You constrict the giant cockroach, but do no damage.
The giant cockroach misses you.
You tentacle-slap the giant cockroach. You squeeze the giant cockroach.
You kill the giant cockroach!
You closely miss the river rat. You grab the river rat.
You constrict the river rat, but do no damage.
The river rat bites you!
Ouch! That really hurt!
You die...

*,,,,,* #.*****#.......#
***,***####.#### #.##.##.#
***,** #.......# #.#..##.#
<,,,,* #.......# #.......#
***,,* #.......# #..#.#..#
***,,* #.......###.......#
*,,,,* #.........#..#.#..#
*,**,* #.###'###r#.......#
*,**,* #,#≈≈≈≈≈#@#.......#
,,,,,* *,#≈≈B≈≈#.#.......#
*,*****#,#≈≈≈≈≈#.........#
*,,,,,,#.#≈≈≈r≈#..###.####
*****#.#.#######.## #.#
#...........#* #.#
####.###.###.#*#.#
#*,*#.#*,.....#
**,#..,,######


You could see a river rat.

Vanquished Creatures
  A ball python (D:5)
  A giant cockroach (D:5)
2 creatures vanquished.

Notes
Turn   | Place    | Note
-------+----------+-------------------------------------------
     0 | D:5      | KleinerIrrer the Octopode Delver began the quest for the
                  | Orb.
     0 | D:5      | Reached XP level 1. HP: 16/16 MP: 1/1
    34 | D:5      | Found a glowing drain.
    67 | D:5      | Slain by a river rat

Illustrated notes

Levels and vault maps discovered:
D:5:      layout_loops_cross, portal_sewer_entry_c, serial_glass,
          glass_columns_a, glass_columns_b, glass_columns_a, glass_columns_a,
          glass_columns_a, glass_columns_a, uniq_eustachio

Action                   || total
-------------------------++-------
Melee: Unarmed           ||     6
       Constrict         ||     3
       Tentacles         ||     1
  Use: Scroll            ||     1
       Potion            ||     1
Armor: Skin              ||     1
Dodge: Dodged            ||     4
